 Dungeon Crawl Stone Soup version 0.26-a0-26-ge22fd8933b (webtiles) character file.

Game seed: 1967907179188631932, levelgen mode: deterministic

298 Masnef the Firebug (level 6, -2/53 HPs)
             Began as an Ogre Fire Elementalist on May 27, 2020.
             Slain by a bog mummy (4 damage)
             ... in an ossuary.
             The game lasted 00:14:34 (3847 turns).

Masnef the Firebug (Ogre Fire Elementalist)         Turns: 3847, Time: 00:14:35

Health: -2/53      AC:  4    Str: 13    XL:     6   Next: 36%
Magic:  0/9        EV: 10    Int: 18    God:
Gold:   120        SH:  0    Dex:  9    Spells: 5/10 levels left

rFire    . . .     SeeInvis .   r - +0 mace
rCold    + . .     Gourm    .   (no shield)
rNeg     . . .     Faith    .   l - +1 robe {rC+}
rPois    .         Spirit   .   (helmet restricted)
rElec    .         Reflect  .   (no cloak)
rCorr    .         Harm     .   (gloves unavailable)
MR       .....                  (boots unavailable)
Stlth    ++........             q - amulet of regeneration
HPRegen  0.57/turn              o - ring of wizardry
MPRegen  0.11/turn              (no ring)

@: brilliant, slowed, very slow
A: large, unfitting armour, tough skin 1
a: no special abilities


You were in an ossuary.
You were not hungry.

You visited 1 branch of the dungeon, and saw 4 of its levels.
You also visited: Ossuary.

You collected 120 gold pieces.

Inventory:

Hand Weapons
 e - a +0 whip
 r - a +0 mace (weapon)
Missiles
 t - 105 arrows
Armour
 a - a +0 robe
 l - a +1 robe of cold resistance (worn)
Jewellery
 o - a ring of wizardry (left hand)
 q - an amulet of regeneration (around neck)
Wands
 u - a wand of acid (10)
 w - a wand of random effects (11)
Scrolls
 d - a scroll of amnesia {unknown}
 f - 3 scrolls of immolation {unknown}
 m - 5 scrolls of remove curse {unknown}
 n - a scroll of random uselessness {unknown}
 p - 5 scrolls of identify {unknown}
 s - a scroll of magic mapping {unknown}
Potions
 g - a potion of heal wounds {unknown}
 h - a potion of might {unknown}
 i - a potion of curing
 j - a potion of stabbing {unknown}
 k - a potion of brilliance
 v - a potion of magic {unknown}
Comestibles
 b - a chunk of flesh
 c - 5 rations


   Skills:
 + Level 3.7 Maces & Flails
 - Level 1.8 Dodging
 - Level 1.6 Stealth
 - Level 2.6 Spellcasting
 * Level 1.8 Conjurations
 * Level 4.3 Fire Magic


You had 5 spell levels left.
You knew the following spells:

 Your Spells              Type           Power        Failure   Level  Hunger
a - Foxfire               Conj/Fire      ###.         1%          1    None
b - Sticky Flame          Conj/Fire      ###.....     19%         4    None

Your spell library contained the following spells:

 Spells                   Type           Power        Failure   Level  Hunger
 Conjure Flame            Conj/Fire      ###.....     6%          3    None
 Inner Flame              Hex/Fire       ###.....     9%          3    None
 Fireball                 Conj/Fire      ###.......   45%         5    None


Dungeon Overview and Level Annotations

Branches:
Dungeon (4/15)            Ossuary (1/1)
 Temple: D:4-7

Altars:
Elyvilon
Nemelex Xobeh
The Shining One

Annotations:
D:1 :
D:2 1 runed translucent door, Crazy Yiuf


Innate Abilities, Weirdness & Mutations

You are too large for most types of armour.
You have tough skin. (AC +1)


Message History

* * * LOW HITPOINT WARNING * * *
The bog mummy gestures at you while chanting.
You resist with some effort.
Unknown command.
You barely miss the bog mummy.
The bog mummy is almost destroyed.
The foxfire hits the bog mummy!
The bog mummy is burned terribly!
The bog mummy is heavily damaged.
The foxfire hits the bog mummy!
The bog mummy is burned terribly!
The bog mummy is almost destroyed.
The bog mummy barely misses you. The bog mummy closely misses you.
You hit the bog mummy but do no damage.
The bog mummy is almost destroyed.
The bog mummy gestures at you while chanting.
The puff of frost hits you. You resist.
* * * LOW HITPOINT WARNING * * *
The bog mummy hits you!
* * * LOW HITPOINT WARNING * * *
The bog mummy hits you.
You die...

#####
#∩..#
#MM@#
#...#
##'##
≈≈.
≈.≈.#
.≈P≈.#
≈#≈#≈##
#######


You could see 2 bog mummies.

Vanquished Creatures
  A centaur skeleton (D:4)
  Ijyb (D:4)
  2 orc wizards (D:3)
  A hound zombie (Ossuary)
  A mummy (Ossuary)
  Robin (D:2)
  4 adders
  An ooze (D:1)
  3 worms
  4 dart slugs
  3 leopard geckos
  3 orcs (D:3)
  2 ball pythons (D:2)
  10 bats
  2 giant cockroaches
  13 goblins
  17 hobgoblins
  5 jackals (D:3)
  A quokka (D:3)
  8 frilled lizards
  A giant cockroach zombie (Ossuary)
  9 kobolds
  3 rats
96 creatures vanquished.

Vanquished Creatures (others)
  175 foxfires
  2 withered plants (Ossuary)
177 creatures vanquished.

Grand Total: 273 creatures vanquished

Notes
Turn   | Place    | Note
-------+----------+-------------------------------------------
     0 | D:1      | Masnef the Ogre Fire Elementalist began the quest for the
                  | Orb.
     0 | D:1      | Reached XP level 1. HP: 16/16 MP: 3/3
   162 | D:1      | Reached skill level 3 in Fire Magic
   162 | D:1      | Reached XP level 2. HP: 19/24 MP: 0/5
   581 | D:1      | Reached XP level 3. HP: 23/31 MP: 6/6
  1143 | D:2      | Found a sparkling altar of Nemelex Xobeh.
  1170 | D:2      | Reached skill level 1 in Maces & Flails
  1512 | D:2      | Noticed Robin
  1537 | D:2      | Reached XP level 4. HP: 35/39 MP: 3/7
  1662 | D:2      | Killed Robin
  1782 | D:2      | Learned a level 4 spell: Sticky Flame
  1973 | D:2      | Found a glowing golden altar of the Shining One.
  2049 | D:2      | Reached skill level 1 in Conjurations
  2404 | D:2      | Found a runed translucent door.
  2405 | D:2      | Noticed Crazy Yiuf
  2789 | D:3      | Reached XP level 5. HP: 24/45 MP: 4/8
  2970 | D:3      | Reached skill level 4 in Fire Magic
  3650 | D:4      | Found a white marble altar of Elyvilon.
  3655 | D:4      | Noticed Ijyb
  3663 | D:4      | Killed Ijyb
  3663 | D:4      | Reached XP level 6. HP: 50/53 MP: 3/9
  3792 | D:4      | Found a sand-covered staircase.
  3803 | Ossuary  | Entered an ossuary
  3846 | Ossuary  | HP: 1/53 [bog mummy (10)]
  3847 | Ossuary  | Slain by a bog mummy

Illustrated notes

Levels and vault maps discovered:
D:1:      ncdulo_lavacross, layout_rooms, chequers_serial_rivers_room_a
D:2:      layout_loops_ring, lemuel_doored_altar, first_ration,
          nemelex_lonely_heart_becter, uniq_robin, uniq_crazy_yiuf_cottage
D:3:      layout_loops_ring
D:4:      layout_rooms, fedhas_altar_1, cheibriados_altar_1,
          nicolae_overflow_crystal_walls, lightli_ossuary_entry_decrepit_ruins,
          goddamned_bats, uniq_edmund, uniq_ijyb
Ossuary:  ossuary_zaba_flooded

Skill      XL: |  1  2  3  4  5 |
---------------+----------------+-----
Fire Magic     | 3 4 |  4.3
Maces & Flails | 1 2 3 |  3.7
Conjurations   | 1 |  1.8
Dodging        | |  1.8
Stealth        | |  1.6
Spellcasting   | |  2.6

Action                   |  1- 3 |  4- 6 || total
-------------------------+-------+-------++-------
Melee: Whip              |    79 |    26 ||   105
       Unarmed           |     1 |       ||     1
       Mace              |       |   167 ||   167
 Cast: Foxfire           |    32 |    73 ||   105
       Sticky Flame      |       |     1 ||     1
  Use: Potion            |       |     2 ||     2
 Stab: Sleeping          |     3 |     2 ||     5
  Eat: Chunk             |     2 |     8 ||    10
Armor: Robe              |    44 |    94 ||   138
Dodge: Dodged            |    76 |   146 ||   222

Table legend:
 A = Non-vault XP
 B = Vault XP
 C = Vault XP percentage of total XP
 D = Non-vault monster count
 E = Vault monster count
 F = Vault count percentage of total count
                 A         B        C        D         E       F
            +---------+---------+-------+---------+---------+-------
      Total |     316 |     111 |  26.0 |      80 |      16 |  16.7
            +---------+---------+-------+---------+---------+-------
        D:1 |      43 |       0 |   0.0 |      21 |       0 |   0.0
        D:2 |      74 |      36 |  32.7 |      26 |      12 |  31.6
        D:3 |     141 |       0 |   0.0 |      29 |       0 |   0.0
        D:4 |      58 |      36 |  38.3 |       4 |       1 |  20.0
    Ossuary |       0 |      39 | 100.0 |       0 |       3 | 100.0
            +---------+---------+-------+---------+---------+-------
